 Dungeon Crawl Stone Soup version 0.28-a0-1555-g9ae15a6949 (webtiles) character file.

Game seed: 6679163812514599822

6 wakim the Skirmisher (level 1, -4/19 HPs)
             Began as a Palentonga Fighter on Jan 18, 2022.
             Slain by a gnoll (6 damage)
             ... on level 1 of the Dungeon.
             The game lasted 00:00:48 (128 turns).

wakim the Skirmisher (Palentonga Fighter)            Turns: 128, Time: 00:00:48

Health: -4/19      AC:  6    Str: 19    XL:     1   Next: 75%
Magic:  1/1        EV:  7    Int:  8    God:
Gold:   26         SH:  4    Dex:  9    Spells: 0/0 levels left

rFire   . . .      SeeInvis +   a - +0 flail
rCold   . . .      Faith    .   c - +0 buckler
rNeg    . . .      Spirit   .   b - +0 scale mail
rPois   .          Reflect  .   (no helmet)
rElec   .          Harm     .   (no cloak)
rCorr   .          Rampage  .   (no gloves)
Will    .....                   (no barding)
Stlth   ..........              (no amulet)
HPRegen 0.06/turn               (no ring)
MPRegen 0.07/turn               (no ring)

@: no status effects
A: large, rugged brown scales 3, see invisible, deformed body, roll 1, armoured
tail
a: Rolling Charge


You were on level 1 of the Dungeon.
You visited 1 branch of the dungeon, and saw 1 of its levels.

You collected 26 gold pieces.

Inventory:

Hand Weapons
 a - a +0 flail (weapon)
Armour
 b - a +0 scale mail (worn)
 c - a +0 buckler (worn)
Potions
 N - a potion of might


   Skills:
 + Level 3.1 Fighting
 * Level 2.3 Maces & Flails
 + Level 2.5 Armour
 - Level 2.4 Shields


You couldn't memorise any spells.
You didn't know any spells.
Your spell library was empty.

Dungeon Overview and Level Annotations

Branches:
Dungeon (1/15)

Altars:


Innate Abilities, Weirdness & Mutations

You are completely covered in rugged brown scales. (AC +3, +7% HP)
You have supernaturally acute eyesight. (SInv)
Armour fits poorly on your strangely shaped body.
You can roll at nearby foes to attack.
You have a long armoured tail.


Message History

You closely miss the gnoll. The bat hits you but does no damage. x2
You block the gnoll's attack.
You hit the gnoll.
The gnoll is moderately wounded.
The bat barely misses you. The gnoll hits you with a +0 spear.
You barely miss the gnoll.
The gnoll is moderately wounded.
The bat hits you but does no damage. The gnoll hits you with a +0 spear. x2
* * * LOW HITPOINT WARNING * * *
The bat hits you but does no damage.
The gnoll hits you from afar with a +0 spear.
* * * LOW HITPOINT WARNING * * *
The bat closely misses you. The bat hits you but does no damage.
The bat barely misses you. The bat hits you but does no damage.
The bat hits you but does no damage. The bat completely misses you.
The bat hits you but does no damage. The bat hits you but does no damage.
The bat barely misses you. The bat hits you but does no damage.
The bat hits you but does no damage. The bat hits you but does no damage.
The bat hits you.
* * * LOW HITPOINT WARNING * * *
The bat hits you but does no damage. The bat barely misses you.
You block the bat's attack. The bat hits you but does no damage. x2
The bat hits you but does no damage. The bat closely misses you.
The bat hits you.
* * * LOW HITPOINT WARNING * * *
The bat hits you but does no damage. The bat hits you but does no damage.
Roll where?
Press: ? - help, Dir - move target, f/p - bat
Aim: a bat You roll forward with a clatter of scales!
You barely miss the bat.
Your tail-slap misses the bat.
The bat hits you but does no damage.
The gnoll hits you from afar with a +0 spear.
You die...

#.⌠._.⌠.##### ##.......#
#..8†⌠.8.# #........#
#.#.##..## ########
#......## #.......
###.#### #.####.#
#.###############.####..
#....gb@☼....##....#....
############.##.#.##.<#.
#.##.#.##.##.
#....#.#.....
######......§ ####....
#.... #..§. #...§


You could see a gnoll and a bat.

Vanquished Creatures
  3 jackals (D:1)
  2 ball pythons (D:1)
5 creatures vanquished.

Notes
Turn   | Place    | Note
-------+----------+-------------------------------------------
     0 | D:1      | wakim the Palentonga Fighter began the quest for the Orb.
     0 | D:1      | Reached XP level 1. HP: 19/19 MP: 1/1
    42 | D:1      | Found a faded altar of an unknown god.
   128 | D:1      | Slain by a gnoll

Illustrated notes

Levels and vault maps discovered:
D:1:      dpeg_arrival_lava_altar, layout_basic,
          hellmonk_ecumenical_altar_dog_temple

Action                   || total
-------------------------++-------
Melee: Flail             ||    19
       Tailslap          ||     2
 Abil: Rolling Charge    ||     6
Armor: Scale mail        ||    31
Dodge: Dodged            ||    20
Block: Buckler           ||     6

Table legend: (Time is in decaauts)
 A = Elapsed time spent in this place.
 B = Non-inter-level travel time spent in this place.
 C = Inter-level travel time spent in this place.
 D = Time resting spent in this place.
 E = Time spent auto-exploring this place.
 F = Levels seen in this place.
 G = Mean time per level.
                   A        B        C        D        E       F      G
               +--------+--------+--------+--------+--------+-----+--------+
         Total |    134 |    134 |      0 |      0 |     57 |   1 |  134.0 |
       Dungeon |    134 |    134 |      0 |      0 |     57 |   1 |  134.0 |
               +--------+--------+--------+--------+--------+-----+--------+

Top non-repeatable levels by time:
     D:1: 134 daAuts
